 Dungeon Crawl Stone Soup version 0.29.0-5-ge4962eb29e (webtiles) character file.

Game seed: 8540836768418993453

4842 nickcage the Basher (level 10, -4/86 HPs)
             Began as a Minotaur Gladiator on Aug 29, 2022.
             Was a Believer of the Shining One.
             Slain by a cyan ugly thing (12 damage)
             ... on level 8 of the Dungeon.
             The game lasted 00:19:24 (6411 turns).

nickcage the Basher (Minotaur Gladiator)            Turns: 6411, Time: 00:19:26

Health: -4/86      AC: 15    Str: 22    XL:     10   Next: 25%
Magic:  9/9        EV:  7    Int:  5    God:    the Shining One [**....]
Gold:   37         SH: 11    Dex: 13    Spells: 9/9 levels left

rFire   + . .      SeeInvis .   C - +3 flail (freeze)
rCold   . . .      Faith    .   G - +2 kite shield {rN+}
rNeg    + + .      Spirit   .   B - +0 chain mail
rPois   +          Reflect  .   c - +0 hat
rElec   .          Harm     .   n - +0 cloak
rCorr   .          Rampage  .   I - +0 pair of gloves
Will    .....                   x - +0 pair of boots of Osasorur {rPois rF+}
Stlth   ..........              l - amulet of regeneration
HPRegen 1.04/turn               (no ring)
MPRegen 0.11/turn               (no ring)

@: glowing
A: horns 2, retaliatory headbutt
a: Renounce Religion, Divine Shield


You were on level 8 of the Dungeon.
You worshipped the Shining One.
The Shining One was pleased with you.
You visited 2 branches of the dungeon, and saw 9 of its levels.
You also visited: Sewer.

You collected 388 gold pieces.
You spent 351 gold pieces at shops.

Inventory:

Hand Weapons
 a - a +1 flail of flaming
 C - a +3 flail of freezing (weapon)
Missiles
 d - 3 throwing nets
 e - a javelin
 p - 17 poisoned darts
 y - 5 boomerangs (quivered)
Armour
 b - a +0 leather armour
 c - a +0 hat (worn)
 n - a +0 cloak (worn)
 x - the +0 pair of boots of Osasorur (worn) {rPois rF+}
   (You found it on level 4 of the Dungeon)

   rF:        It protects you from fire.
   rPois:     It protects you from poison.
 B - a +0 chain mail (worn)
 F - a +2 kite shield
 G - a +2 kite shield of positive energy (worn)
 I - a +0 pair of gloves (worn)
Jewellery
 l - an amulet of regeneration (around neck)
 o - a ring of magical power
 t - a ring of wizardry
 E - the ring "Morops" {rPois rN+ Will+ Int+6}
   (You found it on level 7 of the Dungeon)

   [ring of intelligence]

   Int:       It affects your intelligence (+6).
   rPois:     It protects you from poison.
   rN:        It protects you from negative energy.
   Will:      It increases your willpower.
 H - a +4 ring of protection
Wands
 w - a wand of roots (15)
Scrolls
 f - 9 scrolls of identify
 i - 3 scrolls of teleportation
 r - 5 scrolls of fog
 s - 3 scrolls of fear
 A - 2 scrolls of magic mapping
 D - 3 scrolls of blinking
 J - a scroll of vulnerability {unknown}
Potions
 g - a potion of magic
 h - 2 potions of mutation
 j - 2 potions of cancellation
 k - 2 potions of might
 m - 2 potions of haste
 q - a potion of degeneration
 u - 3 potions of curing
 v - 2 potions of heal wounds
 z - a potion of brilliance {unknown}


   Skills:
 + Level 7.1 Fighting
 - Level 14.0 Maces & Flails
 - Level 2.0 Throwing
 + Level 8.2 Armour
 - Level 3.2 Dodging
 * Level 4.6 Shields


You had 9 spell levels left.
You didn't know any spells.
Your spell library contained the following spells:

 Spells                   Type           Power      Damage    Failure   Level
 Beastly Appendage        Tmut           0%         N/A       100%        1
 Wereblood                Tmut           0%         N/A       100%        2
 Spider Form              Tmut/Pois      0%         N/A       100%        3
 Stone Arrow              Conj/Erth      0%         3d7       100%        3
 Animate Armour           Summ/Erth      0%         N/A       100%        4
 Petrify                  Tmut/Erth      0%         N/A       100%        4
 Metabolic Englaciation   Hex/Ice        0%         N/A       100%        5
 Statue Form              Tmut/Erth      0%         N/A       100%        6
 Lehudib's Crystal Spear  Conj/Erth      0%         10d2      100%        8
 Chain Lightning          Conj/Air       0%         N/A       100%        9
 Fire Storm               Conj/Fire      0%         5d1       100%        9
 Shatter                  Erth           0%         3d5*      100%        9


Dungeon Overview and Level Annotations

Branches:
Dungeon (8/15)             Temple (1/1) D:5           Sewer (visited)
   Lair: D:8-11

Altars:
Cheibriados
Dithmenos
Elyvilon
Fedhas
Gozag
Hepliaklqana
Kikubaaqudgha
Makhleb
Nemelex Xobeh
Okawaru
Qazlal
Ru
Sif Muna
Uskayaw
Vehumet
Wu Jian
Yredelemnul
Zin
The Shining One

Shops:
D:2 *?(   D:4 (   D:7 !   D:8 [


Innate Abilities, Weirdness & Mutations

You have a pair of horns on your head.
You reflexively headbutt those who attack you in melee.


Message History

Your Fighting skill increases to level 7!
Your Armour skill increases to level 8!
You bludgeon the slime creature!! You freeze the slime creature.
The slime creature is moderately wounded.
The slime creature hits you but does no damage.
You sock the slime creature! You freeze the slime creature.
You headbutt the slime creature.
The slime creature is severely wounded.
You block the slime creature's attack.
You hit the slime creature but do no damage.
You headbutt the slime creature!
The slime creature is almost dead.
The slime creature hits you!
You sock the slime creature! You freeze the slime creature.
You kill the slime creature!
You sock the cyan ugly thing! You freeze the cyan ugly thing.
You headbutt the cyan ugly thing!
The cyan ugly thing is moderately wounded.
The cyan ugly thing punches you but does no damage.
You hit the cyan ugly thing. You freeze the cyan ugly thing.
The cyan ugly thing is moderately wounded.
You block the cyan ugly thing's attack.
You barely miss the cyan ugly thing.
The cyan ugly thing is moderately wounded.
The cyan ugly thing punches you. The cyan ugly thing shocks you!
You sock the cyan ugly thing! You freeze the cyan ugly thing.
The cyan ugly thing is heavily wounded.
The cyan ugly thing punches you! The cyan ugly thing shocks you!
* * * LOW HITPOINT WARNING * * *
You hit the cyan ugly thing. You freeze the cyan ugly thing.
You headbutt the cyan ugly thing!
The cyan ugly thing is severely wounded.
The cyan ugly thing punches you but does no damage.
You bludgeon the cyan ugly thing!! You freeze the cyan ugly thing.
Your headbutt misses the cyan ugly thing.
The cyan ugly thing is almost dead.
The cyan ugly thing punches you.
* * * LOW HITPOINT WARNING * * *
The cyan ugly thing shocks you!
You die...

#........# #.#.#..####..
##..# #...†....#
#.#...#..###.#..#
#..).....#
#.#.#...#..##..#
#........#
#.#...#...#..###
#..........##.#.#...#..###
#..........##.#...#..###
#.............#.#..###
#...####......#u)### #####
#......@###
#..............
#............##
###...###...... #...
..##.. ###. .## . #. # #.


You could see a cyan ugly thing.

Vanquished Creatures
  2 ugly things (D:8)
  A troll (D:8)
  A slime creature (D:8)
  5 yaks (D:8)
  A water moccasin (D:7)
  An orc warrior (D:7)
  An ice beast (D:6)
  3 centaurs
  3 ogres
  2 phantoms
  A gnoll sergeant (D:7)
  3 kobold brigands
  A bullfrog (D:8)
  A necrophage (D:7)
  2 scorpions
  13 wights
  A howler monkey (D:7)
  A jelly (D:4)
  5 orc priests
  A hound (D:5)
  An iron imp (D:5)
  2 iguanas
  Natasha (twice) (D:3)
  3 orc wizards
  8 gnolls
  5 adders
  7 river rats (Sewer)
  A shadow imp (D:5)
  2 white imps (D:6)
  2 ufetubi
  2 adder zombies (D:4)
  A dart slug (D:1)
  A worm (D:2)
  30 orcs
  5 bats
  6 endoplasms
  3 giant cockroaches
  6 goblins
  7 hobgoblins
  3 jackals
  16 kobolds
  5 quokkas
  6 ball pythons
  10 frilled lizards
  19 rats
202 creatures vanquished.

Vanquished Creatures (others)
  6 plants (Sewer)
6 creatures vanquished.

Grand Total: 208 creatures vanquished

Notes
Turn   | Place    | Note
-------+----------+-------------------------------------------
     0 | D:1      | nickcage the Minotaur Gladiator began the quest for the
                  | Orb.
     0 | D:1      | Reached XP level 1. HP: 18/18 MP: 0/0
    99 | D:1      | Reached skill level 4 in Maces & Flails
   190 | D:1      | Reached XP level 2. HP: 20/25 MP: 1/1
   441 | D:1      | Found a faded altar of an unknown god.
   876 | D:1      | Reached skill level 5 in Maces & Flails
  1128 | D:2      | Found Emasym's Magic Scroll Shoppe.
  1128 | D:2      | Found Lesutauc's Antique Weapon Shop.
  1172 | D:2      | Reached XP level 3. HP: 30/30 MP: 2/2
  1313 | D:2      | Found Ughusig's Assorted Antiques.
  1616 | D:3      | Found a glowing drain.
  1630 | Sewer    | Entered a sewer
  1641 | Sewer    | Reached skill level 6 in Maces & Flails
  1641 | Sewer    | Reached XP level 4. HP: 29/37 MP: 3/3
  1889 | Sewer    | Reached skill level 7 in Maces & Flails
  1889 | Sewer    | Reached XP level 5. HP: 42/42 MP: 4/4
  2456 | D:3      | Reached skill level 8 in Maces & Flails
  2511 | D:3      | Noticed Natasha
  2527 | D:3      | HP: 2/42 [Natasha/magic dart (3)]
  2529 | D:3      | Killed Natasha
  2530 | D:3      | Reached XP level 6. HP: 3/50 MP: 5/5
  2823 | D:3      | Noticed Natasha
  2841 | D:3      | Killed Natasha
  3096 | D:4      | Reached skill level 9 in Maces & Flails
  3152 | D:4      | Found Geenah's Antique Weapon Boutique.
  3298 | D:4      | Identified the +0 pair of boots of Osasorur {rPois rF+}
  3380 | D:4      | Found a basalt altar of Yredelemnul.
  3900 | D:5      | Entered Level 5 of the Dungeon
  3978 | D:5      | Reached XP level 7. HP: 36/56 MP: 6/6
  4029 | D:5      | Reached skill level 10 in Maces & Flails
  4062 | D:5      | Found a staircase to the Ecumenical Temple.
  4073 | Temple   | Entered the Ecumenical Temple
  4126 | Temple   | Became a worshipper of the Shining One
  4496 | D:5      | Found a snail-covered altar of Cheibriados.
  4530 | D:5      | Reached skill level 1 in Armour
  4725 | D:6      | Reached skill level 11 in Maces & Flails
  4729 | D:6      | Reached XP level 8. HP: 24/63 MP: 7/7
  4957 | D:6      | Found a burning altar of Makhleb.
  4957 | D:6      | Reached * piety under the Shining One
  4965 | D:6      | Reached skill level 12 in Maces & Flails
  5094 | D:6      | Found a blossoming altar of Fedhas.
  5290 | D:7      | Reached skill level 5 in Armour
  5293 | D:7      | Reached XP level 9. HP: 43/71 MP: 8/8
  5345 | D:7      | Found an opulent altar of Gozag.
  5380 | D:7      | Reached skill level 13 in Maces & Flails
  5423 | D:7      | Reached ** piety under the Shining One
  5550 | D:7      | Identified the ring "Morops" {rPois rN+ Will+ Int+6}
  5581 | D:7      | Found a sparkling altar of Nemelex Xobeh.
  5792 | D:7      | Found a stormy altar of Qazlal.
  5970 | D:7      | Found Debuash's Distillery.
  5980 | D:7      | Bought a potion of heal wounds for 55 gold pieces
  5992 | D:8      | Found Weoshy Hitaa's Armour Shoppe.
  5995 | D:8      | Bought a +2 kite shield of positive energy for 296 gold
                  | pieces
  6272 | D:8      | Noticed a cyan ugly thing
  6275 | D:8      | Reached skill level 5 in Fighting
  6282 | D:8      | Killed a cyan ugly thing
  6332 | D:8      | Reached skill level 14 in Maces & Flails
  6349 | D:8      | Reached XP level 10. HP: 83/83 MP: 9/9
  6375 | D:8      | Noticed a purple ugly thing
  6394 | D:8      | Noticed a purple ugly thing
  6401 | D:8      | Killed a purple ugly thing
  6411 | D:8      | Slain by a cyan ugly thing

Illustrated notes

Levels and vault maps discovered:
D:1:      minmay_arrival_stone_box, layout_basic,
          shapermc_ecumenical_altar_mp_ritualfount, corexii_leaking_fountain,
          minmay_pentomino_z4
D:2:      layout_rooms, serial_shops, shop, nicolae_shop_overgrown_old_shop,
          nicolae_shop_overgrown_old_shop, kennysheep_generic_room_6
D:3:      layout_loops_ring, portal_sewer_entry_a, st_stairs_4, minivault_23,
          uniq_natasha
D:4:      layout_loops_corners, lemuel_zombie_altar_yredelemnul, serial_shops,
          shop_fountains
D:5:      layout_cave_pools, chei_slow_surprise, minmay_temple_entry_ruins,
          minivault_14
D:6:      layout_rooms, fedhas_altar_2, mainiacjoe_overflow_boulevard,
          chequers_jeans
D:7:      layout_cave_pools, nicolae_qazlal_scattered_showers,
          grunt_gozag_breadcrumbs, mainiacjoe_overflow_24_doors, serial_shops,
          nicolae_lakefront_shop
D:8:      minmay_the_grid_triangle_9x9_recursive_2
          [minmay_the_grid_triangle_9x9_prize_schism,
          minmay_the_grid_triangle_9x9_sparse_checkered,
          minmay_the_grid_triangle_9x9_dagger,
          minmay_the_grid_triangle_9x9_from_above], layout_basic, trog_book,
          serial_shops, nicolae_shop_stone, palyth_stone_intersect
Temple:   nicolae_temple_hex_pool

Skill      XL: |  1  2  3  4  5  6  7  8  9 10 |
---------------+-------------------------------+-----
Maces & Flails | 4 5 6 7 8 9 11 12 14 | 14.0
Armour         | 2 5 7 8 |  8.2
Fighting       | 3 4 6 7 |  7.1
Shields        | 3 4 |  4.6
Throwing       | |  2.0
Dodging        | |  3.2

Action                   |  1- 3 |  4- 6 |  7- 9 | 10-12 || total
-------------------------+-------+-------+-------+-------++-------
Melee: Flail             |    98 |   183 |   189 |    28 ||   498
       Headbutt          |    10 |    27 |    47 |    10 ||    94
       Punch             |       |     1 |     3 |       ||     4
       Unarmed           |       |     8 |       |       ||     8
Throw: Boomerang         |       |     5 |    19 |       ||    24
  Use: Scroll            |     4 |    14 |     1 |       ||    19
       Potion            |       |       |     1 |       ||     1
Armor: Leather armour    |    33 |    41 |     5 |       ||    79
       Chain mail        |       |       |    63 |     9 ||    72
Dodge: Dodged            |    65 |   102 |    70 |     6 ||   243
Block: Kite shield       |       |       |     9 |     7 ||    16
